 Dungeon Crawl Stone Soup version 0.22-a0-601-gb0ed703ee0 (webtiles) character file.

386638 PikkenKukken the Tortoise (level 22, -9/200 HPs)
             Began as a Demonspawn Berserker on July 6, 2018.
             Was the Champion of Trog.
             Killed from afar by a balrug (11 damage)
             ... with a bolt of fire
             ... on level 2 of the Depths on July 7, 2018.
             The game lasted 03:58:44 (58232 turns).

PikkenKukken the Tortoise (Demonspawn Berserker)   Turns: 58232, Time: 03:58:45

Health: -9/200     AC: 20    Str: 27    XL:     22   Next: 1%
Magic:  0/22       EV: 16    Int: 11    God:    Trog [******]
Gold:   2302       SH:  5    Dex: 21    Spells: 21/21 levels left

rFire    + + .     SeeInvis .   b - +10 shortbow of the Demagogue {flame, +Blink}
rCold    + + .     Gourm    .   (shield currently unavailable)
rNeg     . . .     Faith    .   O - +3 gold dragon scales
rPois    +         Spirit   +   (helmet unavailable)
rElec    .         Reflect  +   K - scarf {rC+ rF+}
rCorr    +         Harm     .   (gloves unavailable)
MR       ++...                  (boots unavailable)
Stlth    ..........             S - amulet "Unoderic" {Reflect MR+ Str+3 SH+5}
HPRegen  0.43/turn              p - ring of resist corrosion
MPRegen  0.36/turn              V - ring of Zoshat {Str+2 Dex+3}

@: corroded, berserk cooldown, very slightly contaminated, hasted, invisible,
very quick
A: claws 3, hooves 3, horns 3, clever 1, powered by death 3, robust 1, magic
shield, magic regeneration, magic link
}: 2/15 runes: serpentine, barnacled
a: Berserk, Trog's Hand, Brothers in Arms, Renounce Religion, Evoke Blink


You were on level 2 of the Depths.
You worshipped Trog.
Trog was exalted by your worship.
You were near starving.

You visited 8 branches of the dungeon, and saw 38 of its levels.

You collected 4699 gold pieces.
You spent 2397 gold pieces at shops.

Inventory:

Hand Weapons
 a - the +5 pair of quick blades "Gyre" and "Gimble" {pierce, Dex-3}
   (You found it on level 1 of the Lair of Beasts)

   It inflicts extra damage upon your enemies.
   It affects your dexterity (-3).
 b - the +10 shortbow of the Demagogue (weapon) {flame, +Blink}
   (You bought it in a shop on level 2 of the Orcish Mines)

   It causes projectiles fired from it to burn those they strike, causing extra
   injury to most foes and up to half again as much damage against particularly
   susceptible opponents.
   It lets you blink.
 F - a +1 longbow of flaming
 L - a +3 triple sword of protection
 Q - a +0 rapier of electrocution
 X - a +2 demon blade of electrocution
Missiles
 j - 1464 arrows (quivered)
Armour
 G - the +7 chain mail "Ukibeanu" {rElec}
   (You bought it in a shop on level 14 of the Dungeon)

   It insulates you from electricity.
 K - a scarf of resistance (worn)
 O - +3 gold dragon scales (worn)
 R - a +0 cloak of poison resistance
 U - a scarf of cloud immunity
Jewellery
 o - an uncursed ring of positive energy
 p - a ring of resist corrosion (left claw)
 y - an uncursed ring of protection from magic
 C - an uncursed ring of see invisible
 P - the ring "Reidai" {-Tele rPois rC+ Dex+3}
   (You found it on level 4 of the Shoals)

   [ring of protection from cold]

   It affects your dexterity (+3).
   It protects you from cold.
   It protects you from poison.
   It prevents most forms of teleportation.
 S - the amulet "Unoderic" (around neck) {Reflect MR+ Str+3 SH+5}
   (You found it on level 2 of the Lair of Beasts)

   [amulet of reflection]

   It shields you and reflects attacks.
   It affects your strength (+3).
   It affects your resistance to hostile enchantments.
   It affects your SH (+5).
 V - the ring of Zoshat (right claw) {Str+2 Dex+3}
   (You took it off a merfolk on level 3 of the Shoals)

   [ring of dexterity]

   It affects your strength (+2).
   It affects your dexterity (+3).
 W - a +3 ring of protection {unknown}
Wands
 i - a wand of acid (7)
 I - a wand of iceblast (7)
 N - a wand of flame (19)
Scrolls
 l - a scroll of acquirement
 n - 3 scrolls of blinking
 q - 3 scrolls of silence
 t - 6 scrolls of fog
 v - 12 scrolls of teleportation
 w - 7 scrolls of fear
 x - 10 scrolls of enchant weapon
 A - a scroll of summoning
 E - 17 scrolls of identify
 H - 10 scrolls of magic mapping
 J - 3 scrolls of noise
 M - 19 scrolls of remove curse
 Y - a scroll of enchant armour
Potions
 d - 8 potions of brilliance
 e - 5 potions of agility
 f - 16 potions of curing
 g - 2 potions of might
 h - 5 potions of flight
 k - 9 potions of heal wounds
 m - 4 potions of berserk rage
 r - 4 potions of invisibility
 s - 2 potions of cancellation
 u - 3 potions of ambrosia
 z - 2 potions of resistance
 B - 3 potions of haste
 D - 3 potions of magic
 Z - a potion of mutation
Comestibles
 c - 41 rations
 T - a chunk of flesh


   Skills:
 + Level 17.2 Fighting
 - Level 14.5(16.9) Short Blades
 + Level 14.9(17.1) Long Blades
 + Level 14.3 Bows
 + Level 17.4 Armour
 + Level 15.7 Dodging
 - Level 0.2 Stealth


You had 21 spell levels left.
You didn't know any spells.
Your spell library was empty.

Dungeon Overview and Level Annotations

Branches:
Dungeon (15/15)            Temple (0/1) D:6            Lair (6/6) D:8
 Shoals (4/4) Lair:3        Snake (4/4) Lair:3        Slime (0/5) Lair:5
    Orc (2/2) D:9             Elf (1/3) Orc:2        Vaults (4/5) D:13
  Crypt (0/3) Vaults:2     Depths (2/5) D:15

Altars:
Cheibriados
Elyvilon
Fedhas
Nemelex Xobeh
Okawaru
Zin
Beogh
Jiyva

Shops:
D:6 (   D:10 *   D:14 *%*(   D:15 :   Orc:1 ?   Orc:2 (?((   Snake:4 }
Vaults:1 ?

Portals:
Hell: Depths:1

Annotations:
Shoals:3 2 transporters, mora's ghost, adept DDFi


Innate Abilities, Weirdness & Mutations

You have claws for hands.
You have hooves in place of feet.
You have a pair of large horns on your head.
You regenerate a lot of health from kills.
You are robust. (+10% HP)
When hurt, damage is shared between your health and your magic reserves.
You regenerate magic rapidly.
When low on magic, you restore magic in place of health.
Your mind is acute. (Int +2)


Message History

The sun demon closely misses you.
The ice dragon roars deafeningly!
You hear a screech!
There is a large open door here.
The ice dragon roars deafeningly!
A storm dragon comes into view.
The ice dragon roars deafeningly!
The storm dragon roars deafeningly!
The ice dragon roars deafeningly!
The storm dragon roars deafeningly!
The tengu warrior throws a stone.
The stone hits the sun demon.
A rust devil comes into view.
The ice dragon roars deafeningly!
The rust devil screeches!
The ice dragon completely misses you.
The ice dragon claws you but does no damage.
The ice dragon closely misses you.
The tengu warrior throws a stone.
You reflect the stone off an invisible shield around you!
The stone hits the sun demon.
The vampire mage hits you but does no damage.
The vampire mage bites you but does no damage.
The balrug gestures at you. The bolt of fire hits you! You resist.
You die...

#§≈§..≈..,≈,, *** #§.§..≈%.,≈,,
**,* #..§.§....,,, **,,*
**#*######## #..§§§.§§.,,≈
**,8,***8#8#88#8#8###..§§§.§≈≈,,,
,,,,,*,,,...........#..§..≈≈≈≈§,,
,,,,,+,,,...........2..§3.≈§§≈≈,,
,,,,,+,,,.....DD.V.(Q..≈h.≈≈≈§≈,,
,⌠,,,*,,,.4.....@.3.#..≈...≈≈≈,,,
,,,,,***8#8#88#8#8###..≈≈.....,,≈
,,,>,* ****##*##### #.........,,,
,,,,,* ***##....≈...≈,, +*****
****,,,#....≈...≈,, ,,**
**,,,,,,y....§...≈,, ,,8*
***,,,,,,,''...≈..§≈,, ,,**
**,,,,,,,,,.'..§§..§≈,, ,,8*
**⌠,,,,,,,,..##.§§§..≈,,


You could see a storm dragon (wandering), an ice dragon, a balrug, a tengu
warrior, a sun demon, a vampire mage and a rust devil (wandering).

Vanquished Creatures
  Sojobo (Vaults:3)
  Nikola (Depths:2)
  2 golden dragons (Depths:2)
  A bone dragon (Depths:2)
  3 sphinxes
  Frances (Shoals:1)
  3 tengu reavers
  3 frost giants
  The ghost of Banto the Severer, an adept FoAK of Lugonu (D:14)
  10 nagarajas
  A fire giant (Depths:1)
  Aizul (Vaults:1)
  9 vault wardens
  9 stone giants
  12 ironheart preservers
  2 war gargoyles
  3 very ugly things (Vaults:1)
  A vampire knight (Vaults:2)
  2 deep elf demonologists (Vaults:2)
  3 deep elf annihilators
  6 dire elephants (Lair:6)
  7 spark wasps
  6 merfolk impalers
  2 merfolk javelineers (Shoals:4)
  11 yaktaur captains
  A blizzard demon (Depths:2)
  An ettin (Vaults:3)
  2 crystal guardians
  2 deep elf death magi
  A deep elf high priest (Depths:2)
  10 vault guards
  3 fire dragons
  3 rakshasas
  2 great orbs of eyes
  A spriggan air mage (Depths:2)
  8 naga warriors
  2 ice dragons (Depths:1)
  The ghost of strelocc the Cruncher, a journeyman FoFi of Ashenzari (D:10)
  A catoblepas (Lair:2)
  8 hydras
  7 anacondas
  7 centaur warriors
  7 merfolk aquamancers
  A death knight (D:13)
  50 two-headed ogres
  A satyr (Shoals:3)
  2 merfolk avatars
  9 tengu warriors
  2 alligator snapping turtles
  14 ogre magi
  9 deep troll earth magi
  10 naga sharpshooters
  5 deep troll shamans
  4 shock serpents
  5 spriggan berserkers
  An orc high priest (Orc:2)
  Urug (D:11)
  3 soul eaters (Depths:2)
  7 deep elf knights
  A salamander mystic (Snake:3)
  A skeletal warrior (D:13)
  20 deep trolls
  5 shadow wraiths
  18 sea snakes
  A glowing orange brain (Depths:2)
  7 naga ritualists
  2 unseen horrors
  2 quicksilver dragon simulacra (Depths:2)
  A flayed ghost (Vaults:3)
  12 ironbrand convokers
  11 deep elf archers
  15 orc knights
  5 wizards
  19 deep elf magi
  The ghost of endorz the Spear-Bearer, a novice MfGl of Vehumet (D:6)
  20 harpies
  5 wolf spiders
  A necromancer (Vaults:2)
  43 ugly things
  15 mana vipers
  10 orc sorcerers
  12 cyclopes
  21 fauns
  8 manticores
  25 slime creatures
  4 salamanders
  13 vault sentinels
  3 merfolk sirens
  A stone giant skeleton (Vaults:2)
  5 centaur zombies
  12 naga magi
  11 elephants
  A black mamba (shapeshifter) (Vaults:1)
  7 water nymphs
  36 black mambas
  An ice statue (Depths:2)
  5 guardian serpents (Snake:4)
  2 rust devils (Depths:2)
  5 spectral swamp worms
  2 gargoyles
  9 spiny frogs
  A spiny frog (shapeshifter) (Vaults:3)
  6 centaur skeletons
  18 komodo dragons
  3 rime drakes
  2 ice devils (Depths:2)
  2 efreet
  2 polar bears (Lair:4)
  34 yaktaurs
  35 merfolk
  A queen bee (Lair:2)
  4 tengu conjurers
  5 freezing wraiths
  A tengu simulacrum (Vaults:2)
  9 wind drakes
  A troll (shapeshifter) (Vaults:4)
  5 trolls
  4 hornets
  A wolf spider simulacrum (D:15)
  14 blink frogs
  18 dream sheep
  11 snapping turtles
  A blink frog (shapeshifter) (Depths:2)
  A raiju (shapeshifter) (D:14)
  15 hippogriffs
  3 flying skulls
  3 shadows
  4 wraiths
  4 vampires
  22 water elementals
  35 yaks
  Eustachio (D:4)
  3 wyverns
  A hog (shapeshifter) (Vaults:1)
  2 basilisks
  3 hungry ghosts
  A steam dragon (Lair:2)
  4 wargs
  A soldier ant (D:14)
  3 acid dragons
  48 nagas
  2 hell hounds (Depths:2)
  10 porcupines
  16 water moccasins
  3 eyes of draining
  2 black bears
  2 necrophages
  46 orc warriors
  3 ice beasts
  An elf zombie (Vaults:2)
  2 phantoms
  A sky beast (shapeshifter) (D:13)
  16 boggarts
  3 ettin simulacra (Depths:2)
  5 sky beasts
  31 ogres
  11 crocodiles
  13 wolves
  24 centaurs
  6 big kobolds
  19 bullfrogs
  2 gnoll sergeants
  A wyvern zombie (D:8)
  2 wyvern skeletons (D:10)
  3 scorpions
  27 killer bees
  12 wights
  An electric eel (D:9)
  12 howler monkeys
  5 crimson imps
  9 hounds
  A quasit (D:8)
  A bullfrog zombie (D:13)
  A hound (shapeshifter) (Vaults:2)
  2 bullfrog skeletons (D:9)
  25 orc priests
  An iron imp (D:6)
  5 iguanas
  A hell rat (Lair:2)
  Natasha (thrice) (D:4)
  41 orc wizards
  7 worker ants
  A spectral worker ant (D:6)
  4 hound skeletons
  Robin (D:4)
  14 gnolls
  2 worker ant zombies
  12 adders
  8 river rats (D:6)
  3 shadow imps
  A howler monkey simulacrum (D:6)
  A worker ant simulacrum (D:6)
  2 oozes
  An adder zombie (D:8)
  2 adder skeletons
  4 worms
  4 dart slugs
  7 leopard geckos
  101 orcs
  4 giant cockroaches
  13 goblins
  17 hobgoblins
  11 jackals
  62 kobolds
  11 quokkas
  13 bats
  10 frilled lizards
  20 rats
  A fungus (Lair:6)
  4 plants
1734 creatures vanquished.

Vanquished Creatures (collateral kills)
  Ilsuiw (Shoals:2)
  An ironheart preserver (Vaults:2)
  A hydra (Lair:1)
  A vault guard (Vaults:1)
  A deep troll shaman (Vaults:1)
  A salamander mystic (Snake:4)
  A naga mage (Snake:4)
  3 merfolk sirens (Shoals:2)
  A black mamba (Snake:4)
  2 nagas (Snake:4)
  A wight (D:13)
14 creatures vanquished.

Vanquished Creatures (others)
  A deep troll earth mage (Depths:1)
  An unseen horror (shapeshifter) (Vaults:3)
  A wizard (Vaults:2)
  An orc knight (Vaults:2)
  An ugly thing (Vaults:2)
  A faun (Shoals:4)
  A cyclops (Vaults:2)
  An ice devil (Depths:2)
  2 yaktaurs (Vaults:3)
  A shadow (Depths:2)
  A boggart (Depths:1)
  A centaur (D:13)
  A crimson imp (D:13)
  A bullfrog zombie (D:13)
  An orc priest (Vaults:3)
  2 orc wizards (D:5)
  An orc (D:5)
  A quokka (D:7)
  A quokka skeleton (D:5)
  7 fungi
  32 plants
  2 withered plants (D:14)
62 creatures vanquished.

Grand Total: 1810 creatures vanquished

Notes
Turn   | Place    | Note
-------+----------+-------------------------------------------
     0 | D:1      | PikkenKukken the Demonspawn Berserker began the quest for the Orb.
     0 | D:1      | Reached XP level 1. HP: 18/18 MP: 1/1
    27 | D:1      | Gained mutation: You have large cloven feet. [demonic ancestry]
    27 | D:1      | Reached XP level 2. HP: 24/24 MP: 2/2
   743 | D:1      | Reached XP level 3. HP: 29/29 MP: 3/3
   798 | D:1      | Reached ** piety under Trog
  1249 | D:2      | Gained mutation: When hurt, damage is shared between your health and your magic reserves. [demonic ancestry]
  1249 | D:2      | Reached XP level 4. HP: 35/35 MP: 4/4
  2862 | D:3      | Reached *** piety under Trog
  2986 | D:3      | Gained mutation: You tend to lose your temper in combat. [potion of mutation]
  2986 | D:3      | Gained mutation: You have a pair of small horns on your head. [potion of mutation]
  3050 | D:3      | Found a faded altar of an unknown god.
  3101 | D:3      | Gained mutation: You regenerate a little health from kills. [demonic ancestry]
  3101 | D:3      | Reached XP level 5. HP: 42/42 MP: 5/5
  3731 | D:3      | Gained mutation: You have hoof-like feet. [demonic ancestry]
  3731 | D:3      | Reached XP level 6. HP: 48/48 MP: 6/6
  3741 | D:3      | Reached **** piety under Trog
  3997 | D:4      | Noticed Eustachio
  4016 | D:4      | Killed Eustachio
  4016 | D:4      | Reached skill level 5 in Long Blades
  4016 | D:4      | Gained mutation: You have hooves in place of feet. [demonic ancestry]
  4016 | D:4      | Reached XP level 7. HP: 55/55 MP: 5/7
  4034 | D:4      | Noticed Natasha
  4041 | D:4      | Killed Natasha
  4147 | D:4      | Noticed Natasha
  4154 | D:4      | Killed Natasha
  4265 | D:4      | Reached skill level 5 in Fighting
  4269 | D:4      | Noticed Robin
  4291 | D:4      | Killed Robin
  4344 | D:4      | Noticed Natasha
  4366 | D:4      | Killed Natasha
  4640 | D:4      | Mutation became permanent: You have a pair of small horns on your head. [demonic ancestry]
  4640 | D:4      | Gained mutation: You have a pair of small horns on your head. [demonic ancestry]
  4640 | D:4      | Reached XP level 8. HP: 58/63 MP: 8/8
  4688 | D:5      | Entered Level 5 of the Dungeon
  4717 | D:5      | Reached ***** piety under Trog
  4719 | D:5      | Received a gift from Trog
  5799 | D:6      | Found a staircase to the Ecumenical Temple.
  5810 | D:6      | Found Archar's Antique Weapon Emporium.
  5814 | D:6      | Reached skill level 5 in Dodging
  5829 | D:6      | Reached skill level 5 in Armour
  6120 | D:6      | Found a snail-covered altar of Cheibriados.
  6191 | D:6      | Found a runed gate.
  6202 | D:6      | Found a runed gate.
  6203 | D:6      | Found a runed gate.
  6206 | D:6      | Found an iron altar of Okawaru.
  6313 | D:6      | Gained mutation: You have sharp fingernails. [demonic ancestry]
  6313 | D:6      | Reached XP level 9. HP: 71/71 MP: 9/9
  6561 | D:6      | Noticed endorz's ghost (novice MfGl)
  6772 | D:6      | Found a blossoming altar of Fedhas.
  7054 | D:6      | HP: 3/103 [hippogriff (4)]
  8235 | D:8      | Reached ****** piety under Trog
  8272 | D:8      | Found a staircase to the Lair.
  8274 | D:8      | Noticed a komodo dragon
  8310 | D:8      | Killed a komodo dragon
  8310 | D:8      | Gained mutation: You regenerate magic rapidly. [demonic ancestry]
  8310 | D:8      | Reached XP level 10. HP: 77/77 MP: 7/10
  8367 | D:8      | Noticed a two-headed ogre
  8373 | D:8      | Killed a two-headed ogre
  8980 | D:8      | Received a gift from Trog
  9108 | D:8      | Found a white marble altar of Elyvilon.
  9332 | D:9      | Reached skill level 1 in Bows
  9351 | D:9      | Found a roughly hewn altar of Beogh.
  9513 | D:9      | HP: 3/79 [bullfrog (1)]
 10353 | D:9      | Found a glowing silver altar of Zin.
 10685 | D:9      | Found a staircase to the Orcish Mines.
 10744 | D:10     | Entered Level 10 of the Dungeon
 10845 | D:10     | Received a gift from Trog
 10850 | D:10     | Gained mutation: When low on magic, you restore magic in place of health. [demonic ancestry]
 10850 | D:10     | Reached XP level 11. HP: 89/89 MP: 3/11
 11015 | D:10     | Identified a scroll of acquirement
 11267 | D:10     | Noticed an unseen horror
 11275 | D:10     | Found a runed gate.
 11275 | D:10     | Found a runed gate.
 11275 | D:10     | Found a runed gate.
 11275 | D:10     | Noticed strelocc's ghost (journeyman FoFi)
 11287 | D:10     | Killed an unseen horror
 11765 | D:10     | Found Tepys's Assorted Antiques.
 12187 | Lair:1   | Entered Level 1 of the Lair of Beasts
 12223 | Lair:1   | Found the +5 pair of quick blades "Gyre" and "Gimble" {pierce, Dex-3}
 12290 | Lair:1   | Reached skill level 1 in Short Blades
 12814 | Lair:1   | Noticed a five-headed hydra
 12819 | Lair:1   | Killed a five-headed hydra
 12933 | Lair:1   | Noticed an eight-headed hydra
 12938 | Lair:1   | Killed an eight-headed hydra
 13897 | Lair:2   | Noticed a catoblepas
 13927 | Lair:1   | Gained mutation: You have very sharp fingernails. [demonic ancestry]
 13927 | Lair:1   | Reached XP level 12. HP: 83/97 MP: 10/12
 14107 | Lair:2   | Killed a catoblepas
 14127 | Lair:2   | Received a gift from Trog
 14226 | Lair:2   | Reached skill level 10 in Fighting
 14245 | Lair:2   | Reached skill level 5 in Short Blades
 14500 | Lair:2   | Reached skill level 5 in Bows
 14512 | Lair:2   | Received a gift from Trog
 15650 | Lair:2   | Got a crude ruby amulet
 15653 | Lair:2   | Identified the amulet "Unoderic" {Reflect MR+ Str+3 SH+5} (You found it on level 2 of the Lair of Beasts)
 16125 | Lair:3   | Found a staircase to the Shoals.
 16296 | Lair:3   | Found a staircase to the Snake Pit.
 16434 | Lair:3   | Noticed a five-headed hydra
 16439 | Lair:3   | Killed a five-headed hydra
 16504 | Lair:3   | Gained mutation: You have claws for hands. [demonic ancestry]
 16504 | Lair:3   | Reached XP level 13. HP: 99/104 MP: 11/13
 17237 | Lair:4   | Received a gift from Trog
 17870 | Lair:5   | Got a ripped robe
 17881 | Lair:5   | Identified the +1 robe "Jogurrid" {Str+5} (You found it on level 5 of the Lair of Beasts)
 18025 | Lair:5   | Reached skill level 10 in Short Blades
 18025 | Lair:5   | Gained mutation: You have a pair of horns on your head. [demonic ancestry]
 18025 | Lair:5   | Reached XP level 14. HP: 111/111 MP: 14/14
 18326 | Lair:5   | Found a viscous altar of Jiyva.
 18326 | Lair:5   | Found a staircase to the Slime Pits.
 18811 | Orc:1    | Entered Level 1 of the Orcish Mines
 18978 | Orc:2    | Entered Level 2 of the Orcish Mines
 18978 | Orc:2    | Found a staircase to the Elven Halls.
 19083 | Orc:2    | Found a labyrinth entrance.
 19124 | Orc:2    | Reached skill level 10 in Dodging
 19292 | Orc:2    | Reached skill level 10 in Armour
 19315 | Orc:2    | Received a gift from Trog
 19578 | Orc:1    | Found Captallaska's Magic Scroll Emporium.
 19609 | Orc:1    | Received a gift from Trog
 19793 | Orc:2    | Found Hian Qonigg's Antique Weapon Shoppe.
 19793 | Orc:2    | Found Tatiocs's Antique Weapon Emporium.
 19793 | Orc:2    | Found Ybues's Magic Scroll Emporium.
 19807 | Orc:2    | Found Ejobb's Weapon Shoppe.
 19841 | Orc:2    | Bought the +10 shortbow of the Demagogue {flame, +Blink} for 902 gold pieces
 19851 | Orc:2    | Bought a scroll of enchant armour for 97 gold pieces
 19851 | Orc:2    | Bought 2 scrolls of teleportation for 78 gold pieces
 20457 | Lair:6   | Entered Level 6 of the Lair of Beasts
 21232 | Lair:6   | Received a gift from Trog
 22063 | Lair:6   | Reached XP level 15. HP: 100/119 MP: 10/15
 22691 | Elf:1    | Entered Level 1 of the Elven Halls
 23506 | Shoals:1 | Entered Level 1 of the Shoals
 24623 | Shoals:1 | Received a gift from Trog
 25258 | Shoals:2 | Noticed Frances
 25391 | Shoals:2 | Noticed Ilsuiw
 25908 | D:11     | Lost mutation: You tend to lose your temper in combat. [potion of mutation]
 25908 | D:11     | Gained mutation: You have a pair of large horns on your head. [potion of mutation]
 25908 | D:11     | Gained mutation: Your mind is acute. (Int +2) [potion of mutation]
 25995 | D:11     | Received a gift from Trog
 26044 | D:11     | Noticed Urug
 26054 | D:11     | Killed Urug
 27643 | D:13     | Received a gift from Trog
 27693 | D:13     | Reached skill level 10 in Long Blades
 28033 | D:13     | Gained mutation: You regenerate health from kills. [demonic ancestry]
 28033 | D:13     | Reached XP level 16. HP: 129/129 MP: 12/16
 28461 | D:13     | Found a gate to the Vaults.
 28484 | D:13     | Received a gift from Trog
 29190 | D:14     | Got a heavily runed ring mail
 29201 | D:14     | Identified the +5 ring mail of Levity {rF+ Dex+2} (You found it on level 14 of the Dungeon)
 29312 | D:14     | Received a gift from Trog
 29524 | D:14     | Found Qicloguh's Food Shoppe.
 29607 | D:14     | Found Huasox's Assorted Antiques.
 29681 | D:14     | Found Gus Vanko's Antique Weapon Emporium.
 29835 | D:14     | Found Uckynnut's Assorted Antiques.
 29866 | D:14     | Bought a brightly glowing chain mail for 256 gold pieces
 29876 | D:14     | Identified the +7 chain mail "Ukibeanu" {rElec} (You bought it in a shop on level 14 of the Dungeon)
 30054 | D:14     | Found a runed door.
 30056 | D:14     | Noticed Banto's ghost (adept FoAK)
 30084 | D:14     | Bought a large sapphire amulet for 155 gold pieces
 30101 | D:15     | Entered Level 15 of the Dungeon
 30544 | D:15     | Found a staircase to the Depths.
 30804 | D:15     | Found Jeech's Book Boutique.
 31125 | Depths:1 | Entered Level 1 of the Depths
 31656 | Snake:1  | Entered Level 1 of the Snake Pit
 31809 | Snake:1  | Received a gift from Trog
 33656 | Shoals:1 | Killed Frances
 33980 | Shoals:2 | Killed Ilsuiw
 34114 | Shoals:2 | Reached skill level 10 in Bows
 34787 | Shoals:3 | Gained mutation: You are robust. (+10% HP) [demonic ancestry]
 34787 | Shoals:3 | Reached XP level 17. HP: 131/150 MP: 17/17
 34906 | Shoals:3 | Received a gift from Trog
 35342 | Shoals:3 | Got a brightly glowing pewter ring
 35366 | Shoals:2 | Identified the ring of Zoshat {Str+2 Dex+3} (You took it off a merfolk on level 3 of the Shoals)
 35576 | Shoals:3 | Received a gift from Trog
 35699 | Shoals:3 | Found a transporter.
 35701 | Shoals:3 | Noticed mora's ghost (adept DDFi)
 35708 | Shoals:3 | Found a transporter.
 36245 | Shoals:4 | Entered Level 4 of the Shoals
 36653 | Shoals:4 | Got a barnacled rune of Zot
 37112 | Shoals:3 | Received a gift from Trog
 37758 | Shoals:4 | Got a faintly glowing marble ring
 37782 | Shoals:4 | Identified the ring "Reidai" {-Tele rPois rC+ Dex+3} (You found it on level 4 of the Shoals)
 38773 | Vaults:1 | Entered Level 1 of the Vaults
 38940 | Vaults:1 | Received a gift from Trog
 39575 | Vaults:1 | Reached XP level 18. HP: 160/160 MP: 18/18
 40306 | Vaults:1 | Noticed Aizul
 40314 | Vaults:1 | Received a gift from Trog
 40325 | Vaults:1 | Killed Aizul
 40325 | Vaults:1 | Reached skill level 15 in Armour
 40493 | Vaults:1 | Found Edobaah's Magic Scroll Shop.
 40501 | Vaults:1 | Bought a scroll of enchant weapon for 150 gold pieces
 40501 | Vaults:1 | Bought a scroll of teleportation for 60 gold pieces
 41079 | Vaults:2 | Noticed a Tzitzimitl
 41082 | Vaults:2 | Noticed a Brimstone Fiend
 41090 | Vaults:2 | Received a gift from Trog
 42132 | Vaults:2 | Found a roughly hewn altar of Beogh.
 42310 | Vaults:2 | Found a staircase to the Crypt.
 42485 | Vaults:2 | Received a gift from Trog
 43548 | Vaults:2 | Mutation became permanent: You have a pair of horns on your head. [demonic ancestry]
 43548 | Vaults:2 | Gained mutation: You have a pair of large horns on your head. [demonic ancestry]
 43548 | Vaults:2 | Reached XP level 19. HP: 169/169 MP: 19/19
 44300 | Vaults:2 | Received a gift from Trog
 44323 | Vaults:3 | Reached skill level 15 in Fighting
 44927 | Vaults:3 | Noticed Sojobo
 44935 | Vaults:3 | Killed Sojobo
 45411 | Vaults:3 | Received a gift from Trog
 46526 | Vaults:4 | Reached XP level 20. HP: 160/179 MP: 18/20
 46890 | Vaults:4 | Received a gift from Trog
 46985 | Vaults:4 | Paralysed by a sphinx for 5 turns
 48922 | D:15     | Received a gift from Trog
 49223 | D:15     | Received a gift from Trog
 52340 | Snake:3  | Gained mutation: You regenerate a lot of health from kills. [demonic ancestry]
 52340 | Snake:3  | Reached XP level 21. HP: 179/189 MP: 21/21
 52507 | Snake:4  | Entered Level 4 of the Snake Pit
 52513 | Snake:4  | Reached skill level 15 in Dodging
 52725 | Snake:4  | Received a gift from Trog
 52910 | Snake:4  | Found Quoffiw's Gadget Shoppe.
 53370 | Snake:4  | Received a gift from Trog
 53711 | Snake:4  | Got a serpentine rune of Zot
 54436 | D:6      | Received a gift from Trog
 54446 | D:6      | Killed endorz's ghost
 54588 | D:10     | Killed strelocc's ghost
 54714 | D:14     | Killed Banto's ghost
 55199 | D:14     | Bought a runed triple sword for 403 gold pieces
 55248 | D:14     | Bought a scroll of silence for 202 gold pieces
 55248 | D:14     | Bought a scroll of magic mapping for 94 gold pieces
 55953 | D:15     | Received a gift from Trog
 56358 | Depths:1 | Found a gateway to Hell.
 56421 | Depths:1 | You fall through a shaft!
 56421 | Depths:2 | Noticed a golden dragon
 56430 | Depths:2 | Killed a golden dragon
 56479 | Depths:2 | Found a sparkling altar of Nemelex Xobeh.
 57498 | Depths:2 | Noticed Nikola
 57813 | Depths:2 | Killed Nikola
 57942 | Depths:2 | Received a gift from Trog
 57944 | Depths:2 | Found a blossoming altar of Fedhas.
 58149 | Depths:2 | Noticed a golden dragon
 58167 | Depths:2 | Killed a golden dragon
 58175 | Depths:2 | Reached XP level 22. HP: 200/200 MP: 22/22
 58199 | Depths:2 | Noticed a caustic shrike
 58203 | Depths:2 | Noticed a caustic shrike
 58204 | Depths:2 | Noticed a caustic shrike
 58207 | Depths:2 | Noticed a caustic shrike
 58219 | Depths:2 | HP: 6/200 [caustic shrike (20)]
 58226 | Depths:2 | HP: 1/200 [tengu warrior/great sword (3)]
 58232 | Depths:2 | Killed from afar by a balrug

Vault maps used:
D:1:      lemuel_arrival_lava_pool, serial_bayou, serial_bayou_pond_b,
          serial_bayou_pond_e, serial_bayou_pond_d, serial_bayou_ford_a,
          serial_bayou_pond_c
D:2:      grunt_ministairs_7, hangedman_decor_push, kennysheep_potato
D:3:      minmay_goblin_kobold_castle, chequers_ecumenical_altar_simple_redux,
          first_ration, serial_park_tiny_1
D:4:      hangedman_abyss_or_decor_slice, uniq_robin, uniq_natasha,
          uniq_eustachio
D:5:      lemuel_flame_loot_1
D:6:      lemuel_ratsnest, okawaru_altar_gauntlet_db, slow_altar_1,
          minmay_temple_entry_large_hall, gammafunk_ghost_necromancy,
          serial_shops, shop, fedhas_altar_4
D:8:      kennysheep_mini, david_lair_shrubbed
D:9:      kennysheep_little_box, erik_orc_2, special_room, minmay_joined_circles
D:10:     ebering_ghost_rock_garden, serial_shops, nicolae_shop_statue_plus
D:11:     uniq_urug
D:13:     lightli_vaults_fourway_checkpoint, hangedman_stone_soup
D:14:     gammafunk_ghost_grave, serial_shops, nicolae_shop_trees,
          nicolae_shop_trees, nicolae_shop_behind_doors, nicolae_shop_stone
D:15:     grunt_enter_depths_magical_seal, serial_shops, nicolae_shop_stone,
          minmay_misc_feat_tower, hangedman_weighted_door
Lair:1:   nzn_random_ring
Lair:2:   regret_index_bee_streams
Lair:3:   minmay_shoals_entry_beasts, minmay_snake_entry_guardpost_small,
          grunt_megastairs_4
Lair:4:   serial_bayou_pond_e
Lair:5:   slime_altar_1
Lair:6:   due_jungle_book
Shoals:2: uniq_frances, uniq_ilsuiw
Shoals:3: gammafunk_ghost_arena
Shoals:4: shoals_end_grunt_garden
Snake:2:  nicolae_snake_biting_tails, basic_stair_grate_trap
Snake:4:  johnstein_snake_rune_scales, serial_shops, shop_statue
Orc:1:    serial_shops, nicolae_shop_stone
Orc:2:    st_orc_mages, lab_entry_generic
Elf:1:    eino_elf_arrival_sip, enter_trove_2, hangedman_elf_disciples
Vaults:1: nicolae_vaults_c_with_doors, v_misc_17, nicolae_vaults_asterisk,
          v_pattern_4, nicolae_vaults_little_squares_1, v_misc_33,
          vaults_room_corners, grunt_vaults_hallway_long,
          grunt_vaults_hallway_short, nicolae_vaults_little_squares_6,
          serial_shops, shop, uniq_aizul
Vaults:2: v_misc_25, v_misc_26, vaults_room_stairs_pillars,
          nicolae_vaults_diagonal_hallway_6, v_misc_26, ontoclasm_vaults_chip,
          v_misc_18, minmay_crypt_entry_vampire_xt, v_misc_22,
          vaults_room_door_ring, special_room_vaults,
          grunt_vaults_hallway_short, vaults_mumra_minichess
Vaults:3: grunt_vaults_swirl, hangedman_vaults_stagger,
          hangedman_vaults_river_flow, ontoclasm_vaults_idyll, v_misc_13,
          ontoclasm_vaults_shout, nicolae_vaults_little_squares_4,
          hangedman_vaults_locks, hangedman_vaults_maws, vaults_dpeg_spiral,
          vaults_room_hallway, nicolae_vaults_network_barrier,
          nicolae_vaults_little_squares_1, vaults_dpeg_ring,
          hangedman_vaults_impose, vaults_room_semicircle, uniq_sojobo
Vaults:4: nicolae_vaults_network_quincunx, nicolae_vaults_little_squares_3,
          v_misc_25, v_misc_11, hangedman_vaults_stretched_pinwheel,
          vaults_room_grunt_arrival_ludios, v_misc_30, v_misc_1,
          nicolae_vaults_diagonal_hallway_7, nicolae_vaults_border_crossing,
          v_misc_14
Depths:1: pf_hell_entry_tar_river, nrook_pool_corridor, serial_bayou_pond_e,
          kennysheep_four_rooms
Depths:2: grunt_profane_halls, hell_entry, abyss_entry, uniq_nikola

Skill      XL: |  1  2  3  4  5  6  7  8  9 10 11 12 13 14 15 16 17 18 19 20 21 |
---------------+----------------------------------------------------------------+-----
Long Blades    | 3 4 5 6 7 8 10 11 12 13 14 | 14.9
Dodging        | 2 3 4 5 6 7 8 9 10 11 12 13 14 15 | 15.7
Armour         | 2 3 4 5 6 7 8 9 10 12 13 14 15 16 17 | 17.4
Fighting       | 4 5 6 7 9 10 11 12 13 14 15 16 17 | 17.2
Bows           | 2 4 6 7 9 10 11 12 13 14 | 14.3
Short Blades   | 4 7 10 11 12 13 14 | 14.5
Stealth        | |  0.2

Action                   |  1- 3 |  4- 6 |  7- 9 | 10-12 | 13-15 | 16-18 | 19-21 | 22-24 || total
-------------------------+-------+-------+-------+-------+-------+-------+-------+-------++-------
Melee: Falchion          |   123 |   160 |   331 |    64 |       |       |       |       ||   678
       Kick              |    43 |    51 |   118 |   252 |   423 |   816 |   877 |     9 ||  2589
       Headbutt          |       |    17 |    87 |   145 |   250 |   527 |   568 |     4 ||  1598
       Double sword      |       |       |       |   214 |       |       |       |       ||   214
       Pair of quick bla |       |       |       |   391 |   914 |  1496 |  1326 |    24 ||  4151
       Demon blade       |       |       |       |       |       |       |    48 |       ||    48
       Triple sword      |       |       |       |       |       |       |    35 |       ||    35
 Fire: Shortbow          |       |       |       |       |    87 |   339 |   564 |       ||   990
Invok: Berserk           |     2 |     4 |    12 |    10 |    12 |    18 |    11 |       ||    69
       Brothers in Arms  |       |       |       |     2 |     1 |     8 |     3 |       ||    14
       Trog's Hand       |       |       |       |       |       |     7 |     3 |       ||    10
  Use: Scroll            |     2 |     6 |     5 |     9 |     7 |     6 |     7 |     3 ||    45
       Potion            |       |     4 |       |     1 |     2 |     4 |     1 |     2 ||    14
 Stab: Sleeping          |       |     2 |       |       |       |       |       |       ||     2
       Distracted        |       |       |       |       |       |     1 |     1 |       ||     2
  Eat: Chunk             |     2 |     9 |    25 |    20 |    27 |    44 |    21 |       ||   148
       Ration            |       |     2 |     2 |     5 |     6 |     8 |    10 |       ||    33
Armor: Animal skin       |    28 |    12 |       |       |       |       |       |       ||    40
       Chain mail        |       |    21 |   184 |    59 |       |   232 |   265 |       ||   761
       Plate armour      |       |       |       |   228 |   160 |    31 |       |       ||   419
       Gold dragon scale |       |       |       |       |       |       |    37 |    25 ||    62
Dodge: Dodged            |    87 |   118 |   207 |   295 |   229 |   523 |   744 |    20 ||  2223
Block: Other             |       |       |       |     9 |    87 |   174 |   181 |     9 ||   460
       Reflection        |       |       |       |       |     8 |    36 |    20 |     1 ||    65
       Rpst.: Falchion   |    27 |    29 |    61 |     6 |       |       |       |       ||   123
       Double sword      |       |       |       |    34 |       |       |       |       ||    34
       Triple sword      |       |       |       |       |       |       |     7 |       ||     7
       Demon blade       |       |       |       |       |       |       |     5 |       ||     5

Table legend:
 A = Spawn XP
 B = Non-spawn XP
 C = Spawn XP percentage of total XP
 D = Spawn monster count
 E = Non-spawn monster count
 F = Spawn count percentage of total count
 G = Total turns spent on level
                    A         B        C        D         E        F      G
               +---------+---------+-------+---------+---------+-------+---------
         Total |       0 |  678745 |   0.0 |       0 |    1752 |   0.0 | 58232
               +---------+---------+-------+---------+---------+-------+---------
           D:1 |       0 |      55 |   0.0 |       0 |      30 |   0.0 |  1001
           D:2 |       0 |     105 |   0.0 |       0 |      31 |   0.0 |  1802
           D:3 |       0 |     412 |   0.0 |       0 |      60 |   0.0 |  1149
           D:4 |       0 |     883 |   0.0 |       0 |      41 |   0.0 |   736
           D:5 |       0 |     697 |   0.0 |       0 |      15 |   0.0 |  1095
           D:6 |       0 |    2154 |   0.0 |       0 |      65 |   0.0 |  1606
           D:7 |       0 |     880 |   0.0 |       0 |      15 |   0.0 |   631
           D:8 |       0 |    3373 |   0.0 |       0 |      37 |   0.0 |  2060
           D:9 |       0 |    2769 |   0.0 |       0 |      60 |   0.0 |  1741
          D:10 |       0 |    3772 |   0.0 |       0 |      31 |   0.0 |  1520
          D:11 |       0 |    4897 |   0.0 |       0 |      25 |   0.0 |   919
          D:12 |       0 |    4542 |   0.0 |       0 |      27 |   0.0 |  1264
          D:13 |       0 |   17181 |   0.0 |       0 |      69 |   0.0 |  1508
          D:14 |       0 |   12878 |   0.0 |       0 |      39 |   0.0 |  1590
          D:15 |       0 |   43188 |   0.0 |       0 |      65 |   0.0 |  2541
        Lair:1 |       0 |    9080 |   0.0 |       0 |      33 |   0.0 |  2221
        Lair:2 |       0 |    9685 |   0.0 |       0 |      60 |   0.0 |  2095
        Lair:3 |       0 |    7966 |   0.0 |       0 |      35 |   0.0 |  2379
        Lair:4 |       0 |    2262 |   0.0 |       0 |      12 |   0.0 |   635
        Lair:5 |       0 |    8994 |   0.0 |       0 |      32 |   0.0 |   888
        Lair:6 |       0 |   20981 |   0.0 |       0 |      44 |   0.0 |  1950
      Shoals:1 |       0 |   25365 |   0.0 |       0 |      47 |   0.0 |  1784
      Shoals:2 |       0 |    9083 |   0.0 |       0 |      20 |   0.0 |  1175
      Shoals:3 |       0 |   30581 |   0.0 |       0 |      64 |   0.0 |  2175
      Shoals:4 |       0 |   28785 |   0.0 |       0 |      59 |   0.0 |  1150
       Snake:1 |       0 |   11149 |   0.0 |       0 |      21 |   0.0 |  1532
       Snake:2 |       0 |   17603 |   0.0 |       0 |      30 |   0.0 |  1551
       Snake:3 |       0 |   18042 |   0.0 |       0 |      29 |   0.0 |  1394
       Snake:4 |       0 |   44364 |   0.0 |       0 |      84 |   0.0 |  1403
         Orc:1 |       0 |    1907 |   0.0 |       0 |      26 |   0.0 |   651
         Orc:2 |       0 |    7573 |   0.0 |       0 |      56 |   0.0 |  1432
         Elf:1 |       0 |    1721 |   0.0 |       0 |       3 |   0.0 |   216
      Vaults:1 |       0 |   56649 |   0.0 |       0 |      91 |   0.0 |  3024
      Vaults:2 |       0 |   56688 |   0.0 |       0 |     118 |   0.0 |  2541
      Vaults:3 |       0 |   81297 |   0.0 |       0 |     110 |   0.0 |  2532
      Vaults:4 |       0 |   62455 |   0.0 |       0 |      90 |   0.0 |  1843
      Depths:1 |       0 |   25992 |   0.0 |       0 |      31 |   0.0 |  1699
      Depths:2 |       0 |   42737 |   0.0 |       0 |      47 |   0.0 |   799
               +---------+---------+-------+---------+---------+-------+---------
